SAA
YAKIMA HOPS @ LANCASTER FARMERS
07/28/2028
 
TOP OF THE 1ST
Yakima Hops batting - Pitching for Lancaster Farmers : RHP Santiago López
Pitching: RHP Santiago López
Batting: LHB Pedro Tapia 0-0: Swinging Strike
0-1: SINGLE (Groundball, 34D)
Batting: LHB Bob Maher 0-0: Called Strike
Pedro Tapia is caught stealing 2nd base
0-1: Ball
1-1: Ground out 4-3 (Groundball, 4)
Batting: RHB Colin O'Connell 0-0: Foul Ball, location: 2F
0-1: Ball
1-1: SINGLE (Line Drive, 34)
Batting: RHB Xavier Gama 0-0: Called Strike
0-1: Ball
1-1: Ball
2-1: Foul Ball, location: 2F
2-2: Foul Ball, location: 2F
2-2: Fly out, F8 (Flyball, 8RM)
Top of the 1st over - 0 run(s), 2 hit(s), 0 error(s), 1 left on base; Yakima 0 - Lancaster 0
BOTTOM OF THE 1ST
Lancaster Farmers batting - Pitching for Yakima Hops : RHP Miguel Cabañas
Pitching: RHP Miguel Cabañas
Batting: SHB Janghyun Sam 0-0: Foul Ball, location: 2F
0-1: Foul Ball, location: 2F
0-2: Ball
1-2: Ground out 5-3 (Groundball, 2L)
Batting: RHB Alejandro Garza 0-0: Ball
1-0: Called Strike
1-1: Ball
2-1: SINGLE (Line Drive, 78S)
Batting: RHB Danijel van Aalten 0-0: Ball
1-0: Ball
2-0: Grounds into double play, 6-4-3 (Groundball, 6)
Bottom of the 1st over - 0 run(s), 1 hit(s), 0 error(s), 0 left on base; Yakima 0 - Lancaster 0
TOP OF THE 2ND
Yakima Hops batting - Pitching for Lancaster Farmers : RHP Santiago López
Batting: SHB José Ángel 0-0: Foul Ball, location: 2F
0-1: Ball
1-1: Ball
2-1: Called Strike
2-2: Foul Ball, location: 2F
2-2: Ball
3-2: Foul Ball, location: 2F
3-2: Strikes out swinging
Batting: RHB Luis Rodríguez 0-0: Ball
1-0: Called Strike
1-1: Ball
2-1: Ball
3-1: Ground out 6-3 (Groundball, 6)
Batting: LHB Lloyd Kent 0-0: Ball
1-0: Ground out 6-3 (Groundball, 6M)
Top of the 2nd over - 0 run(s), 0 hit(s), 0 error(s), 0 left on base; Yakima 0 - Lancaster 0
BOTTOM OF THE 2ND
Lancaster Farmers batting - Pitching for Yakima Hops : RHP Miguel Cabañas
Batting: LHB Gilberto Jiménez 0-0: Ball
1-0: Called Strike
1-1: SINGLE (Groundball, 34D)
Batting: LHB Carlos Germán 0-0: Called Strike
0-1: Ball
1-1: Ball
2-1: Ball
3-1: Called Strike
3-2: Base on Balls
Gilberto Jiménez to second
Batting: RHB Edgardo Castro 0-0: Foul Ball, location: 2F
0-1: Fielders Choice at 2nd, 1-6 (Groundball, 13S)
Gilberto Jiménez to third
Batting: RHB Diego Méndez 0-0: Ball
1-0: Foul Ball, location: 2F
1-1: Ball
2-1: Ball
3-1: Base on Balls
Edgardo Castro to second
Batting: RHB António Gonzáles 0-0: Called Strike
0-1: Called Strike
0-2: Ball
1-2: Foul Ball, location: 2F
1-2: Strikes out swinging
Batting: LHB Mark Armstead 0-0: Swinging Strike
0-1: Ball
1-1: Ball
2-1: Called Strike
2-2: Foul Ball, location: 2F
2-2: Strikes out swinging
Bottom of the 2nd over - 0 run(s), 1 hit(s), 0 error(s), 3 left on base; Yakima 0 - Lancaster 0
TOP OF THE 3RD
Yakima Hops batting - Pitching for Lancaster Farmers : RHP Santiago López
Batting: SHB Marlon Webster 0-0: Foul Ball, location: 2F
0-1: Ball
1-1: Foul Ball, location: 2F
1-2: Ball
2-2: Strikes out swinging
Batting: RHB Jud Regan 0-0: Foul Ball, location: 2F
0-1: Fly out, F9 (Flyball, 89M)
Batting: LHB Pedro Tapia 0-0: Called Strike
0-1: Foul Ball, location: 2F
0-2: Ball
1-2: Foul Ball, location: 2F
1-2: Ball
2-2: Ball
3-2: Strikes out swinging
Top of the 3rd over - 0 run(s), 0 hit(s), 0 error(s), 0 left on base; Yakima 0 - Lancaster 0
BOTTOM OF THE 3RD
Lancaster Farmers batting - Pitching for Yakima Hops : RHP Miguel Cabañas
Batting: SHB Janghyun Sam 0-0: Called Strike
0-1: Foul Ball, location: 2F
0-2: Ball
1-2: Ball
2-2: Ground out 6-3 (Groundball, 6)
Batting: RHB Alejandro Garza 0-0: Swinging Strike
0-1: Ball
1-1: Foul Ball, location: 2F
1-2: Ball
2-2: Foul Ball, location: 2F
2-2: Ball
3-2: Strikes out swinging
Batting: RHB Danijel van Aalten 0-0: Called Strike
0-1: Fly out, F8 (Flyball, 89D)
Bottom of the 3rd over - 0 run(s), 0 hit(s), 0 error(s), 0 left on base; Yakima 0 - Lancaster 0
TOP OF THE 4TH
Yakima Hops batting - Pitching for Lancaster Farmers : RHP Santiago López
Batting: LHB Bob Maher 0-0: Ball
1-0: Called Strike
1-1: Fly out, F5 (Popup, 56)
Batting: RHB Colin O'Connell 0-0: Called Strike
0-1: Ground out 6-3 (Groundball, 6)
Batting: RHB Xavier Gama 0-0: Called Strike
0-1: Ball
1-1: SINGLE (Groundball, 25) (infield hit)
Batting: SHB José Ángel 0-0: Ball
1-0: Fielders Choice at 2nd, 4-6 (Groundball, 4)
Top of the 4th over - 0 run(s), 1 hit(s), 0 error(s), 0 left on base; Yakima 0 - Lancaster 0
BOTTOM OF THE 4TH
Lancaster Farmers batting - Pitching for Yakima Hops : RHP Miguel Cabañas
Batting: LHB Gilberto Jiménez 0-0: Ball
1-0: Ball
2-0: Called Strike
2-1: Foul Ball, location: 2F
2-2: Fly out, F5 (Line Drive, 56)
Batting: LHB Carlos Germán 0-0: Ball
1-0: Ground out 5-3 (Groundball, 5)
Batting: RHB Edgardo Castro 0-0: Foul Ball, location: 2F
0-1: Fly out, F2 (Popup, 13S)
Bottom of the 4th over - 0 run(s), 0 hit(s), 0 error(s), 0 left on base; Yakima 0 - Lancaster 0
TOP OF THE 5TH
Yakima Hops batting - Pitching for Lancaster Farmers : RHP Santiago López
Batting: RHB Luis Rodríguez 0-0: Called Strike
0-1: Ball
1-1: Ground out 5-3 (Groundball, 5S)
Batting: LHB Lloyd Kent 0-0: Ball
1-0: Foul Ball, location: 2F
1-1: Swinging Strike
1-2: Strikes out swinging
Batting: SHB Marlon Webster 0-0: Swinging Strike
0-1: Ball
1-1: Foul Ball, location: 2F
1-2: Strikes out swinging
Top of the 5th over - 0 run(s), 0 hit(s), 0 error(s), 0 left on base; Yakima 0 - Lancaster 0
BOTTOM OF THE 5TH
Lancaster Farmers batting - Pitching for Yakima Hops : RHP Miguel Cabañas
Batting: RHB Diego Méndez 0-0: Swinging Strike
0-1: Swinging Strike
0-2: Strikes out looking
Batting: RHB António Gonzáles 0-0: Ground out 3-1 (Groundball, 34)
Batting: LHB Mark Armstead 0-0: Ball
1-0: Swinging Strike
1-1: Swinging Strike
1-2: Ground out 5-3 (Groundball, 5S)
Bottom of the 5th over - 0 run(s), 0 hit(s), 0 error(s), 0 left on base; Yakima 0 - Lancaster 0
TOP OF THE 6TH
Yakima Hops batting - Pitching for Lancaster Farmers : RHP Santiago López
Batting: RHB Jud Regan 0-0: Called Strike
0-1: Ball
1-1: Ball
2-1: Called Strike
2-2: Foul Ball, location: 2F
2-2: Strikes out swinging
Batting: LHB Pedro Tapia 0-0: Called Strike
0-1: SINGLE (Groundball, 56D)
Batting: LHB Bob Maher 0-0: Ball
Pedro Tapia is caught stealing 2nd base
1-0: Called Strike
1-1: Ball
2-1: Foul Ball, location: 2F
2-2: SINGLE (Flyball, 8RS)
Batting: RHB Colin O'Connell 0-0: Called Strike
0-1: Foul Ball, location: 2F
0-2: Strikes out swinging
Top of the 6th over - 0 run(s), 2 hit(s), 0 error(s), 1 left on base; Yakima 0 - Lancaster 0
BOTTOM OF THE 6TH
Lancaster Farmers batting - Pitching for Yakima Hops : RHP Miguel Cabañas
Batting: SHB Janghyun Sam 0-0: Ball
1-0: Called Strike
1-1: Ball
2-1: Ball
3-1: Called Strike
3-2: Strikes out looking
Batting: RHB Alejandro Garza 0-0: Ball
1-0: Swinging Strike
1-1: Ball
2-1: Foul Ball, location: 2F
2-2: Strikes out swinging
Batting: RHB Danijel van Aalten 0-0: Foul Ball, location: 2F
0-1: Fly out, F9 (Flyball, 9S)
Bottom of the 6th over - 0 run(s), 0 hit(s), 0 error(s), 0 left on base; Yakima 0 - Lancaster 0
TOP OF THE 7TH
Yakima Hops batting - Pitching for Lancaster Farmers : RHP Santiago López
Batting: RHB Xavier Gama 0-0: Ball
1-0: Ball
2-0: SINGLE (Groundball, 56S) (infield hit)
Batting: SHB José Ángel 0-0: Called Strike
0-1: Foul Ball, location: 2F
0-2: Ball
1-2: Ball
Xavier Gama steals 2nd base
2-2: Ball
3-2: Foul Ball, location: 2F
3-2: Foul Ball, location: 2F
3-2: Base on Balls
Pinch Hitting: LHB Jean Tannen 0-0: Ball
1-0: Foul Ball, location: 2F
1-1: Bunt missed!
1-2: Fly out, F8 (Flyball, 8RD)
Runner from 2nd tags up, SAFE at 3rd, no throw
Batting: LHB Lloyd Kent 0-0: Called Strike
José Ángel steals 2nd base
0-1: Ball
1-1: Swinging Strike
1-2: Ground out U3 (Groundball, 3S)
Pitching: RHP Woody Hudson
Pinch Hitting: RHB Thom Reppond 0-0: Foul Ball, location: 2F
0-1: Ball
1-1: Fly out, F6 (Line Drive, 6M)
Top of the 7th over - 0 run(s), 1 hit(s), 0 error(s), 2 left on base; Yakima 0 - Lancaster 0
BOTTOM OF THE 7TH
Lancaster Farmers batting - Pitching for Yakima Hops : RHP Miguel Cabañas
Now at 2B: Adam Staats
Now at 3B: Mario Salazar
Batting: LHB Gilberto Jiménez 0-0: Called Strike
0-1: Swinging Strike
0-2: Ball
1-2: Ball
2-2: Ball
3-2: Base on Balls
Pinch Hitting: LHB Pancho Farías 0-0: Ball
1-0: Ball
2-0: Fly out, F6 (Popup, 56)
Pitching: RHP Chris Lynskey
Pinch Hitting: SHB Alfredo Sánchez 0-0: Called Strike
0-1: Swinging Strike
0-2: Foul Ball, location: 2F
0-2: Foul Ball, location: 2F
0-2: Ball
1-2: Ball
2-2: Ball
3-2: Base on Balls
Gilberto Jiménez to second
Pinch Hitting: SHB Sven Spee 0-0: Called Strike
0-1: Called Strike
0-2: SINGLE (Groundball, 6M) (infield hit)
Gilberto Jiménez to third
Alfredo Sánchez to second
Batting: RHB António Gonzáles 0-0: Foul Ball, location: 2F
0-1: Hit by Pitch
Gilberto Jiménez scores
Alfredo Sánchez to third
Sven Spee to second
Batting: LHB Mark Armstead 0-0: Called Strike
0-1: SINGLE (Flyball, 8RS)
Alfredo Sánchez scores
Sven Spee to third
António Gonzáles to second
Runner from 3rd tries for Home, SAFE, no throw
Batting: SHB Janghyun Sam 0-0: Fielders Choice at 2nd, 3-6 (Groundball, 34)
António Gonzáles to third
Batting: RHB Alejandro Garza 0-0: Fly out, F6 (Line Drive, 6)
Bottom of the 7th over - 3 run(s), 2 hit(s), 0 error(s), 2 left on base; Yakima 0 - Lancaster 3
TOP OF THE 8TH
Yakima Hops batting - Pitching for Lancaster Farmers : RHP Woody Hudson
Now at 2B: Pancho Farías
Now at SS: Sven Spee
Now in CF: Robert La Caze
Batting: RHB Jud Regan 0-0: Called Strike
0-1: Ball
1-1: Ball
2-1: Ball
3-1: Called Strike
3-2: Base on Balls
Pitching: LHP Ammuc Mwenda
Batting: LHB Pedro Tapia 0-0: Called Strike
0-1: Foul Ball, location: 2F
0-2: SINGLE (Groundball, 34) (infield hit)
Jud Regan to second
Batting: LHB Bob Maher 0-0: Ball
1-0: Swinging Strike
1-1: SINGLE (Groundball, 4D)
Jud Regan to third
Pedro Tapia to second
Pitching: RHP Seishiro Sato
Batting: RHB Colin O'Connell 0-0: Ball
1-0: Called Strike
1-1: Called Strike
1-2: Foul Ball, location: 2F
1-2: Strikes out swinging
Batting: RHB Xavier Gama 0-0: SINGLE (Groundball, 25) (infield hit)
Jud Regan scores
Pedro Tapia to third
Bob Maher to second
Batting: SHB José Ángel 0-0: Swinging Strike
0-1: Called Strike
0-2: Fly out, F7 (Flyball, 7LS)
Runner from 3rd tags up, SCORES, throw made
Batting: RHB Mario Salazar 0-0: Foul Ball, location: 2F
0-1: Foul Ball, location: 2F
0-2: Ball
1-2: Fly out, F9 (Flyball, 89S)
Top of the 8th over - 2 run(s), 3 hit(s), 0 error(s), 2 left on base; Yakima 2 - Lancaster 3
BOTTOM OF THE 8TH
Lancaster Farmers batting - Pitching for Yakima Hops : RHP Chris Lynskey
Pitching: LHP Billy Mays
Batting: RHB Danijel van Aalten 0-0: Ball
1-0: Ball
2-0: Called Strike
2-1: Swinging Strike
2-2: Ball
3-2: Fly out, F8 (Flyball, 8LS)
Batting: LHB Gilberto Jiménez 0-0: Called Strike
0-1: Fly out, F3 (Popup, 3L)
Batting: LHB Pancho Farías 0-0: Ball
1-0: Ball
2-0: Called Strike
2-1: Fly out, F7 (Flyball, 7D)
Bottom of the 8th over - 0 run(s), 0 hit(s), 0 error(s), 0 left on base; Yakima 2 - Lancaster 3
TOP OF THE 9TH
Yakima Hops batting - Pitching for Lancaster Farmers : RHP Seishiro Sato
Pitching: RHP Raúl Nieto
Batting: LHB Lloyd Kent 0-0: Called Strike
0-1: Ball
1-1: Ground out 6-3 (Groundball, 6M)
Batting: SHB Adam Staats 0-0: Ball
1-0: Foul Ball, location: 2F
1-1: SINGLE (Line Drive, 7S)
Batting: RHB Jud Regan 0-0: Ball
1-0: Called Strike
1-1: Swinging Strike
1-2: Strikes out swinging
Batting: LHB Pedro Tapia 0-0: Called Strike
0-1: Ball
1-1: Fly out, F6 (Flyball, 6D)
Top of the 9th over - 0 run(s), 1 hit(s), 0 error(s), 1 left on base; Yakima 2 - Lancaster 3
Monday, August 21st, 2017 - OOTP Baseball 17.12 Build 75